Selects Airborne Battlegroup
Selects Heavy Machine Gun Paradrop
Heavy Machine Gun Paradrop
Selects Paratrooper Squad Paradrop
Mechanized Support Center
Selects Anti-tank Gun Team Paradrop
M3 75 mm Gun Motor Carriage
M3 75 mm Gun Motor Carriage
M3 75 mm Gun Motor Carriage
M1918 Browning Automatic Rifles
Selects Paradrop Reinforcements
Selects Carpet Bombing Run
M3 75 mm Gun Motor Carriage
Construct Medical Station
Selects Anti-tank Gun Team Paradrop
M4A1(76) Sherman Medium Tank